 Dungeon Crawl Stone Soup version 0.32-a0-468-g38b2580584 (webtiles) character file.

Game seed: 7841215781018682366

135391 Zonian the Summoner (level 16, -1/88 HPs)
             Began as a Felid Summoner on Feb 19, 2024.
             Was a High Priest of Kikubaaqudgha.
             Killed from afar by a naga ritualist (2 damage)
             ... with a splash of poison
             ... on level 2 of the Snake Pit on Feb 24, 2024.
             The game lasted 03:22:54 (50992 turns).

Zonian the Summoner (Felid Summoner)               Turns: 50992, Time: 03:22:55

Health: -1/88      AC:  7    Str:  4    XL:     16   Next: 64%
Magic:  2/41       EV: 20    Int: 27    God:    Kikubaaqudgha [*****.]
Gold:   660        SH:  5    Dex: 16    Spells: 4/37 levels left
                                        Lives:  0   Deaths: 3

rFire   . . .        (weapon unavailable)
rCold   + . .        (shield unavailable)
rNeg    + + .        (body armour unavailable)
rPois   .            (helmet unavailable)
rElec   .            (cloak unavailable)
rCorr   .            (gloves unavailable)
SInv    +            (boots unavailable)
Will    ++...        I - amulet of reflection
Stlth   +++          w - +4 ring of protection
HPRegen 0.34/turn    g - ring of Zoweur {rN++ MP+9 Int+2 Dex-3}
MPRegen 0.27/turn

%: random rage (3%), reflection
@: lethally poisoned (-1 -> -22), unable to call your familiar
A: very small, claws 1, fangs 3, see invisible, shaggy fur 3, stealthy paws, no
weapons or thrown items, no armour, multi-lived, berserk 1, no potion heal 1
a: Renounce Religion, Unearth Wretches, Torment


You were on level 2 of the Snake Pit.
You worshipped Kikubaaqudgha.
Kikubaaqudgha was extremely pleased with you.
You visited 5 branches of the dungeon, and saw 25 of its levels.

You collected 2965 gold pieces.
You spent 2305 gold pieces at shops.


Innate Abilities, Weirdness & Mutations

You have sharp claws.
You have razor-sharp teeth.
You have supernaturally acute eyesight. (SInv)
Your thick and shaggy fur keeps you warm. (AC +3, rC+)
Your paws help you pounce on unaware monsters.
You are incapable of wielding weapons or throwing items.
You cannot wear armour.
You gain extra lives every three experience levels.
You sometimes lose your temper in combat.
Potions are less effective at restoring your health.


   Skills:
 + Level 12.2 Fighting
 - Level 6.0 Dodging
 - Level 6.0 Stealth
 + Level 11.3 Spellcasting
 + Level 14.6 Summonings
 + Level 12.0 Necromancy
 - Level 8.2 Fire Magic
 - Level 9.0 Air Magic
 + Level 6.2 Earth Magic
 - Level 5.0 Evocations


You had 4 spell levels left.
You knew the following spells:

 Your Spells              Type           Power      Damage    Failure   Level
a - Airstrike             Air            29%        2d(5-21)  1%          4
b - Call Imp              Summ           100%       N/A       0%          2
c - Call Canine Familiar  Summ           76%        N/A       1%          3
d - Summon Blazeheart Go  Fire/Summ      67%        N/A       1%          4
e - Summon Lightning Spi  Summ/Air       68%        N/A       1%          4
f - Animate Dead          Necr           69%        N/A       1%          4
g - Vampiric Draining     Necr           69%        2d10      1%          3
h - Martyr's Knell        Necr/Summ      73%        N/A       1%          4
i - Borgnjor's Vile Clut  Necr/Erth      29%        N/A       2%          5

Your spell library contained the following spells:

 Spells                   Type           Power      Damage    Failure   Level
 Summon Small Mammal      Summ           100%       N/A       0%          1
 Necrotise                Necr           100%       1d9       1%          1
 Static Discharge         Conj/Air       78%        3-7/arc   1%          2
 Sublimation of Blood     Necr           69%        N/A       1%          2
 Fugue of the Fallen      Necr           69%        N/A       1%          3
 Volatile Blastmotes      Fire/Tloc      74%        2d16      1%          3
 Lesser Beckoning         Tloc           30%        N/A       5%          2
 Gell's Gravitas          Tloc           15%        N/A       11%         3
 Ozocubu's Armour         Ice            15%        N/A       11%         3
 Teleport Other           Tloc           15%        N/A       11%         3
 Tukima's Dance           Hex            15%        N/A       11%         3
 Fulminant Prism          Conj/Alch      7%         3d6       36%         4
 Iskenderun's Mystic Bla  Conj/Tloc      15%        2d5       36%         4
 Manifold Assault         Tloc           15%        N/A       36%         4
 Curse of Agony           Necr           69%        N/A       1%          5
 Death Channel            Necr           34%        N/A       4%          6
 Dimensional Bullseye     Hex/Tloc       Unusable   N/A       N/A         4

Inventory:

Jewellery
 g - the ring of Zoweur (right paw) {rN++ MP+9 Int+2 Dex-3}
   (You found it on level 2 of the Lair of Beasts)

   [ring of magical power]

   Int+2:     It affects your intelligence (+2).
   Dex-3:     It affects your dexterity (-3).
   rN++:      It greatly protects you from negative energy.
   MP+9:      It affects your magic capacity (+9).
 k - a +4 ring of slaying
   (You found it on level 2 of the Dungeon)
 s - a +4 ring of protection
   (You found it on level 7 of the Dungeon)
 w - a +4 ring of protection (left paw)
   (You took it off Erica on level 8 of the Dungeon)
 C - a ring of protection from cold
   (You found it on level 4 of the Lair of Beasts)
 I - an amulet of reflection (around neck)
   (You bought it in a shop on level 2 of the Orcish Mines)
Talismans
 t - the serpent talisman "Acal" {rElec rN+ Stlth+}
   (You took it off Aizul on level 1 of the Snake Pit)

   [serpent talisman]

   rElec:     It insulates you from electricity.
   rN+:       It protects you from negative energy.
   Stlth+:    It makes you more stealthy.
Wands
 m - a wand of flame (6)
   (You found it on level 14 of the Dungeon)
 A - a wand of polymorph (5)
   (You found it on level 3 of the Lair of Beasts)
Scrolls
 a - 4 scrolls of identify {@r1}
 e - 2 scrolls of immolation {!r!r}
 o - 2 scrolls of revelation
 x - a scroll of fog
 z - 4 scrolls of vulnerability {!r!r}
 D - 3 scrolls of fear
 E - 2 scrolls of poison {!r}
 G - 3 scrolls of blinking {!r}
 H - 3 scrolls of teleportation {@r4}
Potions
 b - 4 potions of curing {@q1}
 c - 4 potions of enlightenment
 d - 2 potions of ambrosia
 f - 3 potions of might
 h - a potion of cancellation
 i - 5 potions of resistance
 l - a potion of heal wounds {@q2}
 n - 3 potions of brilliance
 p - 2 potions of lignification {!q}
 q - a potion of berserk rage {!q}
 r - 2 potions of haste {@q3}
 u - a potion of mutation {!q}
 v - 3 potions of attraction {!q}
 F - 2 potions of invisibility
Miscellaneous
 j - a phial of floods
   (You found it on level 10 of the Dungeon)

Dungeon Overview and Level Annotations

Branches:
Dungeon (15/15) Zot: 23585  Temple (1/1) D:6 Zot: 5895    Lair (5/5) D:10 Zot: 17138
  Swamp (0/4) Lair:3        Snake (2/4) Lair:2 Zot: 6916   Slime (0/5) Lair:4
    Orc (2/2) D:11 Zot: 14207     Elf (0/3) Orc:2        Vaults (0/5) D:13
 Depths (0/4) D:15

Altars:
Ashenzari
Cheibriados
Dithmenos
Elyvilon
Fedhas
Gozag
Hepliaklqana
Kikubaaqudgha
Makhleb
Nemelex Xobeh
Okawaru
Qazlal
Ru
Sif Muna
Trog
Uskayaw
Vehumet
Wu Jian
Xom
Yredelemnul
Zin
The Shining One
Beogh
Jiyva

Shops:
D:2 *   D:7 [!(**   D:11 [   D:13 *   Orc:2 ===[?!**   Snake:1 *:

Annotations:
D:4 Blork the orc
D:15 1 runed translucent door, exclusion: orange crystal statue

######### #.@.#..<#
.#####☼☼.....####
..NSSN☼☼○..........
..########.........
......#####
.......# ..###...#
.# ...... ..
.##....


You could see a naga ritualist (catching breath).


Message History

* * * LOW HITPOINT WARNING * * *
Your inugami hits the naga ritualist! 😱 HP[-7]
You take 7 damage, and now have 20/88 hp.
Unknown command.
You barely miss the mana viper. Your bite misses the mana viper.
You block the mana viper's attack. The naga ritualist spits poison at you.
The splash of poison hits your inugami!!
Your inugami is poisoned.
The mana viper barely misses you.
Your blazeheart golem misses the mana viper.
Your inugami hits the naga ritualist but does no damage. 😱 MP[+1] Unknown command.
What are your orders? t - Meow!
Orders for allies: a - Attack new target. r - Retreat! s - Stop attacking. g - Guard the area. f - Follow me.
Anything else - Cancel.
Gang up on whom?
Press: ? - help, Dir - move target, f - mana viper
Aim: a mana viper (lightly wounded, ally target) Attack!
The naga ritualist prays to its god.
The naga ritualist begins to radiate toxic energy.
* * * LOW HITPOINT WARNING * * *
You are poisoned.
Your inugami looks even sicker.
You block the mana viper's attack.
Your inugami hits the naga ritualist but does no damage. 😱 HP[-1]
You take 1 damage, and now have 19/88 hp.
Unknown command.
Your system partially rejects the healing.
You feel better.
* * * LOW HITPOINT WARNING * * *
You are poisoned.
Your inugami dies!
Your inugami disappears in a puff of smoke!
The mana viper misses you. The naga ritualist misses you.
Your blazeheart golem punches the mana viper.
Unknown command.
You catch the helpless mana viper completely off-guard!
You claw the mana viper!
You feel sick.
* * * LOW HITPOINT WARNING * * *
You are more poisoned.
The mana viper misses you. The naga ritualist misses you.
You block the mana viper's attack. 😱 HP[-6]
You take 6 damage, and now have 13/88 hp.
Your system partially rejects the healing.
You feel better.
* * * LOW HITPOINT WARNING * * *
You are poisoned.
The naga ritualist spits poison at you. The splash of poison misses you.
The splash of poison hits the mana viper.
The mana viper misses you.
Your blazeheart golem punches the mana viper!! 😱 HP[-1] MP[+1]
You take 1 damage, and now have 12/88 hp.
Your system partially rejects the healing.
You feel better.
* * * LOW HITPOINT WARNING * * *
You are poisoned.
The mana viper bites your blazeheart golem.
The naga ritualist spits poison at you. The splash of poison misses you.
The splash of poison hits the mana viper.
The mana viper bites your blazeheart golem but does no damage. 😱 HP[-2]
You take 2 damage, and now have 10/88 hp.
Unknown command.
Okay, then.
Aiming: Throw Flame
Press: ? - help, Shift-Dir - straight line, f/p - mana viper
Aim: a mana viper (severely wounded, not watching you, ally target, 60% to hit)
The puff of flame hits the mana viper.
You feel sick.
* * * LOW HITPOINT WARNING * * *
You are lethally poisoned!
The naga ritualist completely misses you.
The mana viper misses you.
Your blazeheart golem punches the mana viper!
The mana viper dies!
Kikubaaqudgha accepts your kill.
Your blazeheart golem falls apart, revealing its core! 😱 HP[-5]
You take 5 damage, and now have 5/88 hp.
* * * LOW HITPOINT WARNING * * *
You feel sick.
* * * LOW HITPOINT WARNING * * *
You are more poisoned.
The naga ritualist's toxic aura wanes.
The naga ritualist spits poison at you. The splash of poison hits you.
You are more poisoned.
You die...
Kikubaaqudgha rasps: You have failed me!
Welcome... death!

Skill      XL: |  1  2  3  4  5  6  7  8  9 10 11 12 13 14 15 16 |
---------------+-------------------------------------------------+-----
Spellcasting   | 3 4 5 6 7 9 10 11 | 11.3
Summonings     | 5 6 7 8 9 10 11 12 14 | 14.6
Fire Magic     | 2 4 5 7 8 |  8.2
Air Magic      | 2 4 6 7 8 9 |  9.0
Necromancy     | 3 5 6 8 9 11 12 | 12.0
Dodging        | 5 6 |  6.0
Stealth        | 5 6 |  6.0
Fighting       | 3 5 7 9 11 12 | 12.2
Evocations     | 2 5 |  5.0
Earth Magic    | 4 6 |  6.2

Action                     |  1- 3 |  4- 6 |  7- 9 | 10-12 | 13-15 | 16-18 || total
---------------------------+-------+-------+-------+-------+-------+-------++-------
  Melee: Unarmed           |    24 |    41 |    45 |    82 |    88 |    37 ||   317
         Bite              |     2 |     3 |     8 |     9 |    18 |     3 ||    43
         Punch             |       |       |       |     1 |       |       ||     1
   Cast: Summon Small Mamm |    44 |    53 |    65 |    10 |       |       ||   172
         Call Imp          |     1 |    11 |    32 |    14 |    16 |     3 ||    77
         Call Canine Famil |       |     7 |    50 |   108 |    88 |    65 ||   318
         Summon Blazeheart |       |       |     4 |    48 |    79 |    24 ||   155
         Summon Lightning  |       |       |       |    34 |    80 |    36 ||   150
         Animate Dead      |       |       |       |    10 |     4 |       ||    14
         Airstrike         |       |       |       |     4 |   142 |    72 ||   218
         Martyr's Knell    |       |       |       |       |     2 |     8 ||    10
         Vampiric Draining |       |       |       |       |       |    15 ||    15
         Borgnjor's Vile C |       |       |       |       |       |    14 ||    14
 Invoke: Unearth Wretches  |       |       |       |     5 |       |     1 ||     6
  Evoke: Wand              |       |     3 |    22 |     8 |    10 |     3 ||    46
         Phial of floods   |       |       |       |       |     2 |     1 ||     3
    Use: Scroll            |       |     9 |     6 |    12 |     6 |     4 ||    37
         Potion            |       |     2 |     2 |     3 |    11 |     9 ||    27
   Stab: Sleeping          |     1 |     2 |       |       |       |     1 ||     4
         Distracted        |       |     1 |     1 |     4 |     1 |     3 ||    10
         Paralysed         |       |       |       |     1 |     7 |       ||     8
 Armour: Skin              |    11 |    21 |    48 |    98 |   170 |    91 ||   439
  Dodge: Dodged            |    26 |    63 |    95 |   143 |   272 |   154 ||   753
  Block: Other             |       |       |       |       |       |    19 ||    19
         Reflection        |       |       |       |       |       |     3 ||     3

Levels and vault maps discovered:
D:1:      minmay_arrival_split_and_join, layout_basic,
          chequers_serial_rivers_micro_a, amcnicky_mini_rare_corridor_liquid
D:2:      minmay_diamond_boxcup, layout_rooms, serial_shops,
          nicolae_diamond_shop, st_stairs_7
D:3:      layout_loops_cross, lemuel_round_altar, nicolae_wormholes
D:4:      layout_basic, nicolae_overflow_crystal_walls, fedhas_altar_1,
          minmay_stone_trees_small, minivault_24, nicolae_zig_zag_zippers,
          uniq_blork_the_orc, uniq_edmund, uniq_duvessa
D:5:      layout_cave_pods, cheibriados_altar_1, lemuel_round_altar,
          hangedman_abyss_or_decor_jellyfish_corner, nicolae_shop_firing_range,
          uniq_grinder, uniq_menkaure, uniq_eustachio
D:6:      layout_rooms, minmay_temple_entry_gardened_gates
D:7:      layout_basic, mainiacjoe_overflow_surrounded_room,
          mainiacjoe_overflow_paths, serial_shops, nicolae_shop_trees, shop,
          nicolae_shop_rolling_square, shop, shop
D:8:      layout_loops_ring, kennysheep_decorative_pillar, lightli_orcish_oven,
          uniq_erica
D:9:      layout_basic
D:10:     layout_basic, mainiacjoe_overflow_tiny_flanked,
          mainiacjoe_overflow_catwalk, minmay_lair_entry_lava,
          hangedman_incinerator
D:11:     layout_loops_cross, orc_david_3, uniq_snorg
D:12:     layout_roguey, nicolae_where_there's_smoke
D:13:     layout_gridville, grunt_vaults_entry_fortified, serial_shops, shop
D:14:     layout_basic, serial_park_tiny_2, demons_altar
D:15:     hangedman_depths_entry_try_elsewhere_first, layout_cave_pods,
          minmay_crystal_box
Temple:   hellmonk_temple_forest_ring
Lair:1:   layout_concentric_octagons, minmay_hedge_maze
Lair:2:   layout_regular_city, minmay_snake_entry_guardpost_small,
          grunt_megastairs_2, infiniplex_staircase_pool_2
Lair:3:   layout_regular_city, palyth_hydra_swamp_entry, serial_bayou_pond_d
Lair:4:   layout_long_grid, nicolae_slime_entry_slimehenge, serial_bayou,
          serial_bayou_shore_a, serial_bayou_ford_a, serial_bayou_pond_d,
          serial_bayou_pond_c, serial_bayou_lake_a
Lair:5:   hangedman_lair_caniforms_friends, layout_small_grid,
          hangedman_lair_in_review
Snake:1:  layout_chambers, lemuel_fruit_tree, minmay_shop_star,
          grunt_megastairs_1, uniq_aizul
Snake:2:  layout_misc_corridors, serial_shops, nicolae_shop_tiny_waterfront
Orc:1:    dreamdust_under_siege, layout_caves
Orc:2:    grunt_orc_tribal_feast, layout_caves, serial_shops, shop, shop,
          nicolae_shop_getting_attention, shop_statue, shop

Notes
Turn   | Place    | Note
-------+----------+-------------------------------------------
     0 | D:1      | Zonian the Felid Summoner began the quest for the Orb.
     0 | D:1      | Reached XP level 1. HP: 9/9 MP: 4/4
     0 | D:1      | magus.rc [v1.9.6]
   103 | D:1      | Reached XP level 2. HP: 8/13 MP: 3/6
   479 | D:1      | Reached XP level 3. HP: 16/16 MP: 4/8
   482 | D:1      | Learned a level 2 spell: Call Imp
   935 | D:2      | Reached skill level 3 in Spellcasting
  1160 | D:2      | You pick up a book of Weapons and begin reading...
  1160 | D:2      | You add the spells Tukima's Dance and Iskenderun's Mystic
                  | Blast to your library.
  1213 | D:2      | Found Coeg's General Store.
  1247 | D:2      | Reached XP level 4. HP: 17/21 MP: 7/9
  1247 | D:2      | Gained a life (2 lives remaining)
  1474 | D:2      | Reached skill level 5 in Summonings
  1601 | D:3      | Identified a scroll of acquirement
  1601 | D:3      | Acquired 1069 gold pieces
  1717 | D:3      | Found an iron altar of Okawaru.
  2369 | D:3      | Reached XP level 5. HP: 24/24 MP: 5/11
  2606 | D:4      | Learned a level 3 spell: Call Canine Familiar
  2858 | D:4      | Reached skill level 4 in Spellcasting
  3057 | D:4      | Found a blossoming altar of Fedhas.
  3073 | D:4      | Noticed an ogre
  3080 | D:4      | Killed an ogre
  3081 | D:4      | Gained mutation: You are covered in thick fur. (AC +2)
                  | [Felid growth]
  3081 | D:4      | Reached XP level 6. HP: 28/28 MP: 10/13
  3099 | D:4      | Reached skill level 6 in Summonings
  3132 | D:4      | Noticed Edmund
  3137 | D:4      | Reached skill level 5 in Spellcasting
  3149 | D:4      | Killed Edmund
  3150 | D:4      | Reached XP level 7. HP: 32/32 MP: 4/15
  3393 | D:4      | You pick up a book of Battle and begin reading...
  3393 | D:4      | You add the spells Fugue of the Fallen, Ozocubu's Armour
                  | and Manifold Assault to your library.
  3700 | D:4      | Learned a level 4 spell: Summon Blazeheart Golem
  3715 | D:4      | Found a hazy altar of Hepliaklqana.
  3830 | D:4      | Noticed Blork the orc
  3866 | D:4      | Noticed Duvessa
  3881 | D:4      | Noticed Dowan
  3887 | D:4      | Killed Duvessa
  3888 | D:4      | Reached skill level 7 in Summonings
  3888 | D:4      | Reached skill level 1 in Fire Magic
  3894 | D:4      | Killed Dowan
  4622 | D:5      | Entered Level 5 of the Dungeon
  4773 | D:5      | Found Letyock's Firing Range.
  4838 | D:5      | Reached skill level 2 in Fire Magic
  5011 | D:5      | Reached skill level 6 in Spellcasting
  5267 | D:5      | Reached XP level 8. HP: 36/36 MP: 11/18
  5522 | D:5      | Found a snail-covered altar of Cheibriados.
  5702 | D:5      | magus.rc [v1.9.6]
  5844 | D:5      | Noticed Grinder
  5853 | D:5      | Learned a level 4 spell: Summon Lightning Spire
  5883 | D:5      | Reached skill level 3 in Fire Magic
  6051 | D:5      | Reached skill level 8 in Summonings
  6051 | D:5      | Reached skill level 1 in Air Magic
  6248 | D:5      | Noticed Eustachio
  6270 | D:5      | Killed Eustachio
  6543 | D:5      | Found a bloodstained altar of Trog.
  6570 | D:5      | Reached skill level 2 in Air Magic
  6570 | D:5      | HP: 6/36 [phantom (5)]
  6575 | D:5      | HP: 4/36 [phantom (5)]
  6579 | D:5      | Reached skill level 4 in Fire Magic
  6598 | D:5      | Paralysed by Grinder for 5 turns
  6614 | D:5      | Killed Grinder
  6615 | D:5      | Reached XP level 9. HP: 24/39 MP: 20/20
  6840 | D:5      | Noticed Menkaure
  6870 | D:5      | Killed Menkaure
  6871 | D:5      | Reached skill level 3 in Air Magic
  7598 | D:6      | Found a staircase to the Ecumenical Temple.
  7608 | Temple   | Entered the Ecumenical Temple
  7704 | Temple   | Became a worshipper of Kikubaaqudgha
  7903 | D:6      | You fall into a shaft and drop 1 floor!
  8039 | D:6      | Reached skill level 1 in Necromancy
  8222 | D:6      | Reached skill level 9 in Summonings
  8222 | D:6      | Reached skill level 5 in Fire Magic
  8420 | D:7      | Found a radiant altar of Vehumet.
  8650 | D:7      | Found Soubrut's Armour Emporium.
  8700 | D:7      | Found Fuzalun's General Store.
  8704 | D:7      | Found Voyryonk's Antique Weapon Shoppe.
  8711 | D:7      | Found Kouc's Distillery.
  8741 | D:7      | Bought a potion of resistance for 100 gold pieces
  8741 | D:7      | Bought a potion of heal wounds for 50 gold pieces
  8789 | D:7      | Noticed a boulder beetle
  8828 | D:6      | Reached skill level 4 in Air Magic
  8936 | D:7      | Found a stormy altar of Qazlal.
  9002 | D:7      | Reached skill level 2 in Necromancy
  9021 | D:7      | Killed a boulder beetle
  9022 | D:7      | Reached skill level 3 in Necromancy
  9187 | D:7      | Found Fuampu Kotu's Assorted Antiques.
  9195 | D:7      | Bought a potion of resistance for 280 gold pieces
  9195 | D:7      | Bought a gold wand for 112 gold pieces
  9195 | D:7      | Bought a potion of enlightenment for 140 gold pieces
  9195 | D:7      | Bought a dark potion for 25 gold pieces
  9195 | D:7      | Bought a murky cyan potion for 25 gold pieces
  9649 | D:8      | Reached XP level 10. HP: 44/44 MP: 4/21
  9854 | D:8      | Noticed Erica
  9872 | D:8      | Killed Erica
  9873 | D:8      | Reached skill level 6 in Fire Magic
  9873 | D:8      | Reached skill level 5 in Air Magic
 10269 | D:8      | Reached skill level 4 in Necromancy
 10271 | D:8      | Reached * piety under Kikubaaqudgha
 10271 | D:8      | You add the spells Necrotise, Sublimation of Blood,
                  | Vampiric Draining and Animate Dead to your library.
 10271 | D:8      | Received a gift from Kikubaaqudgha
 10277 | D:8      | Learned a level 4 spell: Animate Dead
 10499 | D:8      | Learned a level 3 spell: Vampiric Draining
 10802 | D:8      | Identified the +11 whip "Jianuj" {freeze, ^Fragile rElec
                  | Will+ Str+5}
 10939 | D:8      | HP: 10/44 [something (10)]
 11221 | D:8      | Reached skill level 10 in Summonings
 11769 | D:9      | magus.rc [v1.9.6]
 12339 | D:9      | Noticed a two-headed ogre
 12360 | D:9      | Killed a two-headed ogre
 12361 | D:9      | Reached skill level 5 in Necromancy
 12377 | D:9      | Reached skill level 6 in Air Magic
 12719 | D:9      | Reached skill level 7 in Fire Magic
 13171 | D:9      | Reached XP level 11. HP: 44/47 MP: 16/22
 13334 | D:10     | Entered Level 10 of the Dungeon
 13400 | D:10     | Found a burning altar of Makhleb.
 13418 | D:10     | Found a staircase to the Lair.
 13419 | D:10     | Noticed a fire crab
 13445 | D:10     | magus.rc [v1.9.6]
 13736 | D:10     | Killed a fire crab
 13737 | D:10     | Reached skill level 3 in Dodging
 13737 | D:10     | Reached skill level 3 in Stealth
 13764 | D:10     | Found a basalt altar of Yredelemnul.
 13816 | D:10     | HP: 9/48 [spore (39)]
 13818 | D:10     | Reached skill level 1 in Fighting
 14099 | D:10     | Reached skill level 6 in Necromancy
 14294 | D:10     | Reached skill level 7 in Spellcasting
 14524 | D:10     | Reached skill level 4 in Stealth
 14526 | D:10     | Reached skill level 4 in Dodging
 15121 | D:2      | Bought a potion of cancellation for 88 gold pieces
 15304 | D:7      | Bought a potion of enlightenment for 140 gold pieces
 15337 | D:7      | Bought a scroll of revelation for 82 gold pieces
 15337 | D:7      | Bought a scroll of identify for 22 gold pieces
 15444 | Lair:1   | Entered Level 1 of the Lair of Beasts
 15466 | Lair:1   | Reached skill level 2 in Fighting
 15618 | Lair:1   | Noticed a death yak
 15618 | Lair:1   | Noticed a death yak
 15618 | Lair:1   | Noticed a death yak
 15618 | Lair:1   | Noticed a death yak
 15619 | Lair:1   | Noticed a death yak
 15707 | Lair:1   | Reached ** piety under Kikubaaqudgha
 16288 | Lair:1   | Reached skill level 1 in Evocations
 16298 | Lair:1   | Reached skill level 5 in Stealth
 17350 | Lair:1   | Reached skill level 11 in Summonings
 17352 | Lair:1   | Reached skill level 7 in Air Magic
 17366 | Lair:1   | Noticed a death yak
 17369 | Lair:1   | Reached skill level 5 in Dodging
 17411 | Lair:1   | Killed a death yak
 17412 | Lair:1   | Reached skill level 3 in Fighting
 17412 | Lair:1   | Reached skill level 2 in Evocations
 17415 | Lair:1   | Killed a death yak
 17834 | Lair:2   | Gained mutation: Your thick and shaggy fur keeps you warm.
                  | (AC +3, rC+) [Felid growth]
 17834 | Lair:2   | Reached XP level 12. HP: 40/56 MP: 3/24
 18065 | Lair:2   | Found a staircase to the Snake Pit.
 18192 | Lair:2   | Identified the ring of Zoweur {rN++ MP+9 Int+2 Dex-3}
 18543 | Lair:1   | Reached skill level 8 in Fire Magic
 18930 | Lair:2   | You fall into a shaft and drop 1 floor!
 19028 | Lair:2   | Reached skill level 7 in Necromancy
 19028 | Lair:2   | Reached skill level 3 in Evocations
 19256 | Lair:2   | Reached skill level 4 in Fighting
 19965 | Lair:3   | Noticed an eight-headed hydra
 19973 | Lair:3   | Killed an eight-headed hydra
 20006 | Lair:3   | HP: 13/58 [cloud of flame (21)]
 20757 | Lair:3   | Reached skill level 4 in Evocations
 21238 | Lair:3   | Reached skill level 6 in Stealth
 21730 | Lair:3   | Found a staircase to the Swamp.
 21978 | Lair:4   | Reached skill level 6 in Dodging
 22155 | Lair:4   | Reached skill level 5 in Fighting
 22483 | Lair:4   | Noticed a boulder beetle
 22496 | Lair:4   | Killed a boulder beetle
 22497 | Lair:4   | Reached skill level 5 in Evocations
 22738 | Lair:4   | You pick up a book of Storms and begin reading...
 22738 | Lair:4   | You add the spells Static Discharge and Airstrike to your
                  | library.
 22744 | Lair:4   | Learned a level 4 spell: Airstrike
 22758 | Lair:4   | Reached skill level 8 in Necromancy
 22937 | Lair:4   | Found a viscous altar of Jiyva.
 22937 | Lair:4   | Found a staircase to the Slime Pits.
 23135 | Lair:4   | Reached skill level 12 in Summonings
 23858 | Lair:5   | Entered Level 5 of the Lair of Beasts
 23868 | Lair:5   | Reached XP level 13. HP: 64/65 MP: 24/25
 23927 | Lair:5   | Reached skill level 8 in Spellcasting
 24060 | Lair:5   | Reached skill level 6 in Fighting
 24475 | Lair:5   | You pick up a book of Displacement and begin reading...
 24475 | Lair:5   | You add the spells Lesser Beckoning, Gell's Gravitas and
                  | Teleport Other to your library.
 25010 | Lair:5   | Reached skill level 8 in Air Magic
 25563 | Lair:5   | Reached *** piety under Kikubaaqudgha
 25563 | Lair:5   | You add the spells Martyr's Knell, Borgnjor's Vile Clutch,
                  | Curse of Agony and Death Channel to your library.
 25563 | Lair:5   | Received a gift from Kikubaaqudgha
 25590 | Lair:5   | Reached skill level 9 in Necromancy
 26234 | Lair:5   | Reached skill level 7 in Fighting
 27719 | Lair:5   | Reached skill level 9 in Spellcasting
 27848 | Lair:5   | Noticed a dire elephant
 28947 | D:11     | Reached **** piety under Kikubaaqudgha
 29082 | D:11     | Found a staircase to the Orcish Mines.
 29094 | D:11     | Noticed Snorg
 29102 | D:11     | Killed Snorg
 29241 | D:11     | Found Micaduw's Armour Shop.
 29391 | D:11     | Reached XP level 14. HP: 38/72 MP: 28/28
 29683 | D:11     | Identified a potion of experience
 29684 | D:11     | Reached skill level 9 in Fighting
 29684 | D:11     | Reached XP level 15. HP: 80/80 MP: 29/29
 29829 | D:11     | Learned a level 4 spell: Martyr's Knell
 30039 | D:12     | HP: 18/80 [red devil/+0 trident (16)]
 30040 | D:12     | HP: 8/80 [red devil/+0 trident (10)]
 30043 | D:12     | HP: 2/80 [slime creature (18)]
 30051 | D:12     | Reached skill level 10 in Fighting
 30051 | D:12     | HP: 14/80 [vampire mosquito (9)]
 30051 | D:12     | Slain by a slime creature
 30051 | D:12     | Lost a life (1 life remaining)
 30342 | D:12     | Reached skill level 13 in Summonings
 30399 | D:12     | Reached skill level 9 in Air Magic
 31378 | D:12     | Reached skill level 10 in Necromancy
 31678 | D:12     | Reached skill level 1 in Earth Magic
 31687 | D:12     | HP: 16/80 [skeletal warrior/+0 hand axe (11)]
 31687 | D:12     | Slain by a skeletal warrior
 31687 | D:12     | Lost a life (0 lives remaining)
 31926 | D:12     | HP: 20/80 [slime creature (8)]
 31933 | D:12     | HP: 8/80 [slime creature (14)]
 32151 | D:12     | magus.rc [v1.9.6]
 32571 | D:12     | You pick up a book of Blasting and begin reading...
 32571 | D:12     | You add the spells Volatile Blastmotes and Fulminant Prism
                  | to your library.
 32992 | D:12     | Learned a level 5 spell: Borgnjor's Vile Clutch
 33261 | D:13     | Found Emiwyik's Assorted Antiques.
 33268 | D:13     | Bought a potion of curing for 90 gold pieces
 33518 | D:13     | Upgraded the game from 0.32-a0-391-gce5c0aab1b to
                  | 0.32-a0-411-g744942f433
 33518 | D:13     | magus.rc [v1.9.6]
 33628 | D:13     | Reached skill level 2 in Earth Magic
 33641 | D:13     | Reached ***** piety under Kikubaaqudgha
 34188 | D:13     | Identified the staff of Puont {rElec rF- rN+++ Dex-3 Air}
 35222 | D:13     | Found a gate to the Vaults.
 35238 | D:13     | Reached skill level 3 in Earth Magic
 35611 | D:13     | Reached skill level 10 in Spellcasting
 36272 | D:14     | Found a burning altar of Makhleb.
 37012 | D:14     | HP: 13/81 [deep elf pyromancer/bolt of fire (47)]
 38425 | D:14     | Reached skill level 11 in Fighting
 38700 | D:15     | Entered Level 15 of the Dungeon
 38727 | D:15     | HP: 12/82 [centaur warrior/arrow (21)]
 38729 | D:15     | HP: 4/82 [centaur/arrow[a centaur warrior] (8)]
 39435 | D:15     | Found a runed translucent door.
 39626 | D:15     | Reached skill level 4 in Earth Magic
 39799 | D:15     | Reached skill level 11 in Necromancy
 41094 | D:15     | Found a staircase to the Depths.
 41559 | Orc:1    | Entered Level 1 of the Orcish Mines
 41562 | Orc:1    | Found a roughly hewn altar of Beogh.
 42459 | Orc:1    | Reached skill level 14 in Summonings
 42459 | Orc:1    | Reached XP level 16. HP: 88/88 MP: 31/31
 42459 | Orc:1    | Gained a life (1 life remaining)
 43612 | Orc:2    | Entered Level 2 of the Orcish Mines
 43858 | Orc:2    | Found Vyegughy's Jewellery Shoppe.
 43895 | Orc:2    | Found Syigi's Jewellery Emporium.
 43918 | Orc:2    | Found Gurchuozu's Jewellery Shop.
 43931 | Orc:2    | Found Axuacs Raci's Antique Armour Shoppe.
 44128 | Orc:2    | Gained mutation: You sometimes lose your temper in combat.
                  | [a neqoxec]
 44130 | Orc:2    | Gained mutation: Potions are less effective at restoring
                  | your health. [a neqoxec]
 44194 | Orc:2    | Found a staircase to the Elven Halls.
 44229 | Orc:2    | Found Vism's General Store.
 44235 | Orc:2    | Bought a scroll of revelation for 112 gold pieces
 44235 | Orc:2    | Bought 2 potions of curing for 90 gold pieces
 44317 | Orc:2    | Reached ****** piety under Kikubaaqudgha
 44719 | Orc:2    | HP: 11/88 [orc high priest/+0 dire flail (12)]
 44720 | Orc:2    | Slain by a sun demon
 44720 | Orc:2    | Lost a life (0 lives remaining)
 45074 | Orc:2    | Reached skill level 5 in Earth Magic
 45613 | Orc:2    | Found Vibluir's Magic Scroll Emporium.
 45613 | Orc:2    | Found Notaduf's Armour Shop.
 45615 | Orc:2    | Found Yclifoyrgh's Distillery.
 45615 | Orc:2    | Found Apajohi's Assorted Antiques.
 45621 | Orc:2    | Bought a scroll of blinking for 82 gold pieces
 45621 | Orc:2    | Bought a scroll of blinking for 82 gold pieces
 45621 | Orc:2    | Bought a scroll of blinking for 82 gold pieces
 45621 | Orc:2    | Bought 2 scrolls of teleportation for 66 gold pieces
 45621 | Orc:2    | Bought a scroll of fear for 44 gold pieces
 45621 | Orc:2    | Bought a scroll of teleportation for 33 gold pieces
 45623 | Orc:2    | Bought a potion of haste for 140 gold pieces
 45640 | Orc:2    | Upgraded the game from 0.32-a0-411-g744942f433 to
                  | 0.32-a0-422-g28b100f618
 45640 | Orc:2    | magus.rc [v1.9.6]
 45674 | Orc:2    | Bought an amulet of reflection for 420 gold pieces
 45779 | Orc:2    | Upgraded the game from 0.32-a0-422-g28b100f618 to
                  | 0.32-a0-468-g38b2580584
 45779 | Orc:2    | magus.rc [v1.9.6]
 45909 | Snake:1  | Entered Level 1 of the Snake Pit
 47026 | Snake:1  | Reached skill level 11 in Spellcasting
 47595 | Snake:1  | Identified the scarf "Gahej" {repulsion, rPois rF- rN+
                  | Dex+3}
 48581 | Snake:1  | Reached skill level 12 in Fighting
 49180 | Snake:1  | Found Zuiny's Assorted Antiques.
 49184 | Snake:1  | Found Utoshraosk's Book Emporium.
 49710 | Snake:1  | Reached skill level 6 in Earth Magic
 49911 | Snake:1  | Identified the serpent talisman "Acal" {rElec rN+ Stlth+}
 49911 | Snake:1  | Noticed Aizul
 49913 | Snake:1  | magus.rc [v1.9.6]
 49926 | Snake:1  | Killed Aizul
 50320 | Snake:1  | Reached skill level 12 in Necromancy
 50789 | Snake:1  | HP: 20/88 [naga ritualist/Olgreb's Toxic Radiance (4)]
 50791 | Snake:1  | magus.rc [v1.9.6]
 50794 | Snake:1  | HP: 10/88 [poisoned by a naga ritualist (toxic radiance)]
 50799 | Snake:1  | HP: 5/88 [poisoned by a naga ritualist (toxic radiance)]
 50909 | Snake:1  | Glimpsed the power of Zot.
 50984 | Snake:2  | HP: 20/88 [mana viper[a naga ritualist] (7)]
 50989 | Snake:2  | HP: 12/88 [naga ritualist/Olgreb's Toxic Radiance (5)]
 50991 | Snake:2  | HP: 5/88 [naga ritualist/Olgreb's Toxic Radiance (3)]
 50992 | Snake:2  | HP: 1/88 [naga ritualist/Olgreb's Toxic Radiance (3)]
 50992 | Snake:2  | Killed from afar by a naga ritualist

Vanquished Creatures
  A dire elephant (D:15)
  Snorg (D:11)
  2 hydras
  An ice dragon (D:13)
  An ogre mage (D:13)
  4 vault guards (D:13)
  3 anacondas (Snake:1)
  5 centaur warriors
  3 death yaks (Lair:5)
  3 boulder beetles
  4 two-headed ogres
  2 naga sharpshooters (Snake:1)
  2 shock serpents (Snake:1)
  2 orc high priests (Orc:2)
  A deep elf knight (D:13)
  A salamander mystic (Snake:1)
  2 skysharks
  4 skeletal warriors (D:12)
  4 orc knights
  A deep elf pyromancer (D:14)
  A deep elf archer (D:13)
  A lindwurm (Lair:5)
  4 mana vipers (Snake:1)
  8 ugly things
  2 cyclopes
  3 orc sorcerers
  A manticore (D:11)
  2 salamanders (Snake:1)
  2 rust devils
  8 black mambas (Snake:1)
  A kobold blastminer (Orc:2)
  A smoke demon (D:12)
  A naga mage (Snake:1)
  3 cane toads
  3 yaktaurs (D:13)
  A kobold demonologist (D:13)
  2 freezing wraiths
  Grinder (D:5)
  2 tyrant leeches (Lair:3)
  A hornet (D:10)
  A dream sheep (Lair:4)
  7 slime creatures
  A shadow (D:9)
  2 wraiths
  A fire bat (D:10)
  A hog (shapeshifter) (D:14)
  A human (D:13)
  A wyvern (D:9)
  A fire elemental (D:10)
  18 yaks
  2 vampire mosquitoes (D:12)
  2 nagas (Snake:1)
  2 swamp worms (Lair:3)
  Duvessa (D:4)
  2 acid dragons
  3 water moccasins (Lair:5)
  6 orc warriors
  An ogre (Orc:1)
  6 centaurs
  4 wolves
  A gnoll sergeant (D:9)
  2 bullfrogs
  A scorpion (Lair:1)
  A yak zombie (Lair:4)
  5 killer bees
  2 electric eels (Lair:4)
  2 howler monkeys (D:12)
  2 lava snakes (D:10)
  2 wolf zombies (Lair:1)
  A jelly (Lair:4)
  2 hounds
  3 orc priests
  An orc wizard (Orc:2)
  4 hell rats
  A naga zombie (Lair:2)
  An ogre skeleton (Orc:1)
  5 gnolls
  2 orc zombies (Orc:1)
  10 orcs
  5 ball pythons
  2 endoplasms
  2 giant cockroaches
  2 goblins
  3 kobolds
  2 quokkas
  3 bats
  A frilled lizard (D:1)
226 creatures vanquished.

Vanquished Creatures (collateral kills)
  Aizul (Snake:1)
  A hydra (Lair:5)
  A catoblepas (D:13)
  2 centaur warriors
  A boulder beetle (Lair:4)
  An anaconda (Snake:1)
  Erica (D:8)
  2 naga warriors (Snake:1)
  2 two-headed ogres
  An orc high priest (Orc:2)
  6 death yaks
  A fire crab (D:10)
  3 naga ritualists (Snake:1)
  4 mana vipers
  2 necromancers (Orc:1)
  A lindwurm (Lair:4)
  2 orc sorcerers (Orc:2)
  An orc knight (Orc:2)
  4 ugly things
  A manticore (D:15)
  A rust devil (D:12)
  A salamander (Snake:1)
  3 meliai (D:13)
  3 kobold blastminers
  2 elephants (Lair:5)
  2 naga magi (Snake:1)
  8 black mambas
  6 cane toads
  An unseen horror (D:13)
  6 komodo dragons
  4 rime drakes
  A red devil (D:12)
  2 polar bears
  4 trolls
  A hornet (D:8)
  A blink frog (shapeshifter) (D:14)
  11 blink frogs
  10 dream sheep
  12 slime creatures
  A shadow (D:11)
  A wraith (D:9)
  2 wyverns
  A golden eye (shapeshifter) (D:14)
  5 basilisks
  Eustachio (D:5)
  3 fire bats (D:10)
  A steam dragon (D:8)
  A warg (Lair:5)
  38 yaks
  Menkaure (D:5)
  4 vampire mosquitoes (D:12)
  Edmund (D:4)
  12 nagas
  2 acid dragons
  10 water moccasins
  2 hell hounds
  A sky beast (D:6)
  5 black bears
  10 orc warriors
  4 ice beasts
  3 orc zombies (Orc:1)
  22 wolves
  6 ogres
  5 centaurs
  3 phantoms
  A kobold brigand (D:11)
  A gnoll sergeant (D:6)
  3 scorpions (D:5)
  5 bullfrogs
  Dowan (D:4)
  6 killer bees
  9 howler monkeys
  6 orc priests
  2 jellies (Lair:4)
  3 iguanas
  A gnoll bouda (D:5)
  3 hounds
  11 orc wizards
  7 hell rats
  8 gnolls
  8 adders
  An orc skeleton (Orc:1)
  A shadow imp (D:5)
  A white imp (D:6)
  3 dart slugs (D:1)
  3 ribbon worms
  49 orcs
  An orc simulacrum (Orc:1)
  8 ball pythons
  4 bats (D:2)
  12 endoplasms
  3 giant cockroaches
  7 hobgoblins
  7 jackals
  4 kobolds
  3 frilled lizards
  6 goblins
  6 rats
456 creatures vanquished.

Vanquished Creatures (others)
  A naga sharpshooter (Snake:1)
  A cane toad (Lair:2)
  A death yak zombie (Lair:1)
  A komodo dragon (Lair:1)
  A hydra zombie (Lair:5)
  2 blink frogs (Lair:1)
  2 yaks (Lair:1)
  A naga (Snake:1)
  A two-headed ogre zombie (D:12)
  A dream sheep zombie (Lair:5)
  2 blink frog zombies
  A wolf (Lair:1)
  A komodo dragon zombie (Lair:5)
  2 water moccasin zombies (Lair:5)
  17 yak zombies
  7 wolf zombies
  A basilisk zombie (Lair:5)
  2 orc priests (Orc:2)
  3 naga zombies (Lair:2)
  2 hell rat zombies (Lair:1)
  3 orc zombies (D:12)
  106 blazeheart cores
159 creatures vanquished.

Grand Total: 841 creatures vanquished

Table legend:
 A = Non-vault XP
 B = Vault XP
 C = Vault XP percentage of total XP
 D = Non-vault monster count
 E = Vault monster count
 F = Vault count percentage of total count
                 A         B        C        D         E       F
            +---------+---------+-------+---------+---------+-------
      Total |  107052 |   47900 |  30.9 |     511 |     168 |  24.7
            +---------+---------+-------+---------+---------+-------
        D:1 |      68 |       0 |   0.0 |      23 |       0 |   0.0
        D:2 |      38 |      23 |  37.7 |      10 |       9 |  47.4
        D:3 |      64 |      10 |  13.5 |      20 |       2 |   9.1
        D:4 |     602 |     385 |  39.0 |      26 |       3 |  10.3
        D:5 |    1443 |     672 |  31.8 |      28 |       3 |   9.7
        D:6 |     697 |       0 |   0.0 |      13 |       0 |   0.0
        D:7 |    1152 |       0 |   0.0 |      11 |       0 |   0.0
        D:8 |    1621 |     979 |  37.7 |      18 |       7 |  28.0
        D:9 |    3354 |       0 |   0.0 |      24 |       0 |   0.0
       D:10 |    3372 |    2010 |  37.3 |      21 |       9 |  30.0
       D:11 |    2397 |    1346 |  36.0 |      14 |       9 |  39.1
       D:12 |    9884 |    1709 |  14.7 |      34 |       4 |  10.5
       D:13 |    6974 |    8262 |  54.2 |      20 |      13 |  39.4
       D:14 |    8255 |     449 |   5.2 |      16 |       1 |   5.9
       D:15 |    9536 |    2634 |  21.6 |      23 |       4 |  14.8
     Lair:1 |    6400 |       0 |   0.0 |      31 |       0 |   0.0
     Lair:2 |    2969 |    2409 |  44.8 |      10 |      11 |  52.4
     Lair:3 |    2661 |    2129 |  44.4 |      18 |       6 |  25.0
     Lair:4 |    5590 |     146 |   2.5 |      21 |       8 |  27.6
     Lair:5 |   17004 |    5111 |  23.1 |      57 |      19 |  25.0
    Snake:1 |   17850 |    9319 |  34.3 |      37 |      14 |  27.5
    Snake:2 |    1381 |       0 |   0.0 |       2 |       0 |   0.0
      Orc:1 |    2056 |    1994 |  49.2 |      22 |      16 |  42.1
      Orc:2 |    1684 |    8313 |  83.2 |      12 |      30 |  71.4
            +---------+---------+-------+---------+---------+-------

Skill      XL: |  1  2  3  4  5  6  7  8  9 10 11 12 13 14 15 16 |
---------------+-------------------------------------------------+-----
Spellcasting   | 3 4 5 6 7 9 10 11 | 11.3
Summonings     | 5 6 7 8 9 10 11 12 14 | 14.6
Fire Magic     | 2 4 5 7 8 |  8.2
Air Magic      | 2 4 6 7 8 9 |  9.0
Necromancy     | 3 5 6 8 9 11 12 | 12.0
Dodging        | 5 6 |  6.0
Stealth        | 5 6 |  6.0
Fighting       | 3 5 7 9 11 12 | 12.2
Evocations     | 2 5 |  5.0
Earth Magic    | 4 6 |  6.2

Action                     |  1- 3 |  4- 6 |  7- 9 | 10-12 | 13-15 | 16-18 || total
---------------------------+-------+-------+-------+-------+-------+-------++-------
  Melee: Unarmed           |    24 |    41 |    45 |    82 |    88 |    37 ||   317
         Bite              |     2 |     3 |     8 |     9 |    18 |     3 ||    43
         Punch             |       |       |       |     1 |       |       ||     1
   Cast: Summon Small Mamm |    44 |    53 |    65 |    10 |       |       ||   172
         Call Imp          |     1 |    11 |    32 |    14 |    16 |     3 ||    77
         Call Canine Famil |       |     7 |    50 |   108 |    88 |    65 ||   318
         Summon Blazeheart |       |       |     4 |    48 |    79 |    24 ||   155
         Summon Lightning  |       |       |       |    34 |    80 |    36 ||   150
         Animate Dead      |       |       |       |    10 |     4 |       ||    14
         Airstrike         |       |       |       |     4 |   142 |    72 ||   218
         Martyr's Knell    |       |       |       |       |     2 |     8 ||    10
         Vampiric Draining |       |       |       |       |       |    15 ||    15
         Borgnjor's Vile C |       |       |       |       |       |    14 ||    14
 Invoke: Unearth Wretches  |       |       |       |     5 |       |     1 ||     6
  Evoke: Wand              |       |     3 |    22 |     8 |    10 |     3 ||    46
         Phial of floods   |       |       |       |       |     2 |     1 ||     3
    Use: Scroll            |       |     9 |     6 |    12 |     6 |     4 ||    37
         Potion            |       |     2 |     2 |     3 |    11 |     9 ||    27
   Stab: Sleeping          |     1 |     2 |       |       |       |     1 ||     4
         Distracted        |       |     1 |     1 |     4 |     1 |     3 ||    10
         Paralysed         |       |       |       |     1 |     7 |       ||     8
 Armour: Skin              |    11 |    21 |    48 |    98 |   170 |    91 ||   439
  Dodge: Dodged            |    26 |    63 |    95 |   143 |   272 |   154 ||   753
  Block: Other             |       |       |       |       |       |    19 ||    19
         Reflection        |       |       |       |       |       |     3 ||     3

Illustrated notes

Table legend:
 A = Kills in this place as a percentage of kills in the entire game.
 B = Kills by you in this place as a percentage of kills by you in the entire game.
 C = Kills by friends in this place as a percentage of kills by friends in the entire game.
 D = Other kills in this place as a percentage of other kills in the entire game.
 E = Experience gained in this place as a percentage of experience gained in the entire game.
 F = Experience gained in this place divided by the number of levels of this place that you have seen.
                   A       B       C       D       E      F
               +-------+-------+-------+-------+-------+----------------------
         Total | 100.0 | 100.0 | 100.0 | 100.0 | 100.0 | 6198.1
       Dungeon |  53.8 |  59.0 |  51.4 |   0.0 |  43.8 | 4529.1
          Lair |  26.7 |  17.1 |  31.4 |   0.0 |  28.7 | 8883.8
     Snake Pit |   7.8 |  11.3 |   6.2 |   0.0 |  18.4 | 14275.0
  Orcish Mines |  11.8 |  12.6 |  11.0 | 100.0 |   9.1 | 7023.5
               +-------+-------+-------+-------+-------+----------------------

Table legend: (Time is in decaauts)
 A = Elapsed time spent in this place.
 B = Non-inter-level travel time spent in this place.
 C = Inter-level travel time spent in this place.
 D = Time resting spent in this place.
 E = Time spent auto-exploring this place.
 F = Levels seen in this place.
 G = Mean time per level.
                   A        B        C        D        E       F      G
               +--------+--------+--------+--------+--------+-----+--------+
         Total |  51094 |  49396 |   1698 |  27906 |  12633 |  25 | 2043.8 |
       Dungeon |  29252 |  28014 |   1238 |  14612 |   9064 |  15 | 1950.1 |
        Temple |    104 |    101 |      3 |      0 |      0 |   1 |  104.0 |
          Lair |  12861 |  12558 |    303 |   7328 |   2031 |   5 | 2572.2 |
     Snake Pit |   5082 |   5028 |     54 |   3569 |    847 |   2 | 2541.0 |
  Orcish Mines |   3792 |   3694 |     98 |   2397 |    691 |   2 | 1896.0 |
               +--------+--------+--------+--------+--------+-----+--------+

Top non-repeatable levels by time:
 Snake:1: 5055 daAuts
  Lair:5: 4028 daAuts
    D:13: 3203 daAuts
    D:14: 3131 daAuts
    D:12: 3038 daAuts
     D:5: 2766 daAuts
  Lair:1: 2420 daAuts
  Lair:4: 2303 daAuts
     D:4: 2100 daAuts
  Lair:2: 2083 daAuts
    D:10: 2077 daAuts
     D:8: 2055 daAuts
    D:15: 2048 daAuts
  Lair:3: 2025 daAuts
   Orc:1: 2017 daAuts
